 Dungeon Crawl Stone Soup version 0.30-a0-359-gd0147acb1a (webtiles) character file.

Game seed: 4893322818464701316

286 LnG the Sneak (level 6, -1/33 HPs)
             Began as a Kobold Summoner on Nov 11, 2022.
             Slain by an orc
             ... wielding a +0 war axe
              (8 damage)
             ... on level 3 of the Dungeon.
             The game lasted 00:11:31 (3743 turns).

LnG the Sneak (Kobold Summoner)                     Turns: 3743, Time: 00:11:32

Health: -1/33      AC:  3    Str:  5    XL:     6   Next: 56%
Magic:  5/9        EV: 16    Int: 19    God:
Gold:   176        SH:  0    Dex: 15    Spells: 4/10 levels left

rFire   . . .      SeeInvis .    c - +0 rapier
rCold   . . .      Faith    .    (no shield)
rNeg    . . .      Spirit   .    a - +1 robe
rPois   .          Reflect  .    (no helmet)
rElec   .          Harm     .    (no cloak)
rCorr   .          Rampage  .    (no gloves)
Will    .....                    (no boots)
Stlth   ++++......               (no amulet)
HPRegen 0.25/turn                (no ring)
MPRegen 0.11/turn                (no ring)

@: hasted, very quick
A: small, no large weapons, nightstalker 3, low MP 1, noise suppression
a: no special abilities


You were on level 3 of the Dungeon.
You visited 1 branch of the dungeon, and saw 3 of its levels.
You also visited: Sewer.

You collected 176 gold pieces.

Inventory:

Hand Weapons
 c - a +0 rapier (weapon)
Armour
 a - a +1 robe (worn)
Scrolls
 d - a scroll of amnesia {unknown}
 e - 2 scrolls of fog
 h - a scroll of poison
 j - a scroll of enchant armour
 k - a scroll of immolation {unknown}
 l - a scroll of identify {unknown}
 p - a scroll of magic mapping {unknown}
 q - a scroll of brand weapon {unknown}
 r - a scroll of summoning {unknown}
Potions
 b - 3 potions of magic
 f - a potion of heal wounds {unknown}
 g - 2 potions of mutation
 i - a potion of attraction {unknown}
 m - a potion of curing
 n - a potion of might {unknown}
 o - a potion of haste


   Skills:
 + Level 0.6 Fighting
 + Level 2.5 Short Blades
 * Level 4.1 Dodging
 * Level 5.6 Stealth
 + Level 2.9 Spellcasting
 + Level 4.8 Summonings


You had 4 spell levels left.
You knew the following spells:

 Your Spells              Type           Power      Damage    Failure   Level
a - Summon Small Mammal   Summ           84%        N/A       1%          1
b - Call Imp              Summ           21%        N/A       3%          2
c - Call Canine Familiar  Summ           21%        N/A       6%          3

Your spell library contained the following spells:

 Spells                   Type           Power      Damage    Failure   Level
 Summon Guardian Golem    Hex/Summ       12%        N/A       17%         3
 Blink                    Tloc           4%         N/A       24%         2
 Momentum Strike          Conj/Tloc      4%         3d8       24%         2
 Lesser Beckoning         Tloc           4%         N/A       43%         3
 Summon Lightning Spire   Summ/Air       12%        N/A       50%         4


Dungeon Overview and Level Annotations

Branches:
Dungeon (3/15)              Sewer (visited)

Altars:
Makhleb
Zin

Shops:
D:3 :


Innate Abilities, Weirdness & Mutations

You are small and have problems with some larger weapons.
You are completely attuned to the shadows.
Your magical capacity is low. (-10% MP)
You passively dampen the noise of your surroundings.


Message History

The orc wizard hits you with a +0 dagger.
You hit the orc wizard.
The orc wizard is moderately wounded.
The orc wizard misses you. The orc closely misses you. x2
The orc closely misses your hound.
You closely miss the orc wizard.
The orc wizard is moderately wounded.
Your hound barely misses the orc.
The orc wizard casts a spell at you. The magic dart hits you!
The orc hits your hound with a +0 dagger.
The orc barely misses you. The orc hits you with a +0 hand axe.
The orc closely misses your hound.
Your hound closely misses the orc.
Casting: Call Canine Familiar (dangerous; 6% risk of failure)
Confirm with . or Enter, or press ? or * to list all spells.
A beastly little devil appears in a puff of flame.
Your hound bites the orc but does no damage.
The orc wizard gestures at you while chanting.
The magic dart hits you! The orc misses your hound.
The orc hits you with a +0 war axe!
* * * LOW HITPOINT WARNING * * *
The orc hits you but does no damage. The orc barely misses your hound.
A quokka comes into view.
It was a potion of mutation.
You feel extremely strange.
You feel your surroundings grow quieter.
You feel less energetic.
Your hound bites the orc.
The orc hits you with a +0 war axe.
* * * LOW HITPOINT WARNING * * *
The orc wizard misses you. The orc closely misses your hound.
The orc hits you but does no damage. The orc completely misses your hound.
Your hound barely misses the orc.
It was a potion of curing.
You feel better.
Your hound closely misses the orc.
The orc completely misses you. The orc wizard closely misses you.
The orc misses your hound. The orc barely misses you.
The orc closely misses your crimson imp.
The orc closely misses your hound.
Your crimson imp blinks!
It was a potion of haste.
You feel yourself speed up.
Your hound bites the orc.
The quokka bites your hound. The orc hits you with a +0 war axe!
You die...

#..##.....# ##...
#..##.....##### ###'
#..##.........####..
#.#.......>...[....#..
#....###..............
................#####.
#.#..∩....[.....# #.
#...§...........# #.
...o@......##### #.
.#.hoo..< #. ...ro....
## ......... ##
.#....### #. #. #. #.
#.


You could see an orc wizard, 3 orcs, a quokka (ally target) and a friendly hound
(summoned).

Vanquished Creatures
  A kobold brigand (Sewer)
  6 adders
  5 river rats
  3 bats
  2 giant cockroaches
  A goblin (D:2)
  4 hobgoblins
  3 jackals (Sewer)
  2 quokkas (D:1)
  5 ball pythons
  2 frilled lizards (Sewer)
  5 kobolds
  9 rats
48 creatures vanquished.

Vanquished Creatures (collateral kills)
  3 river rats
  An adder (Sewer)
  A worm (D:3)
  2 dart slugs (D:1)
  A giant cockroach (D:1)
  7 goblins (D:2)
  A hobgoblin (D:2)
  2 quokkas (D:1)
  6 ball pythons
  3 frilled lizards
  4 kobolds
31 creatures vanquished.

Vanquished Creatures (others)
  19 plants (Sewer)
19 creatures vanquished.

Grand Total: 98 creatures vanquished

Notes
Turn   | Place    | Note
-------+----------+-------------------------------------------
     0 | D:1      | LnG the Kobold Summoner began the quest for the Orb.
     0 | D:1      | Reached XP level 1. HP: 10/10 MP: 3/3
   163 | D:1      | Reached XP level 2. HP: 9/15 MP: 0/5
   543 | D:1      | Reached skill level 3 in Stealth
   611 | D:1      | Reached XP level 3. HP: 15/19 MP: 6/6
   614 | D:1      | Learned a level 2 spell: Call Imp
   618 | D:1      | Learned a level 3 spell: Call Canine Familiar
  1442 | D:2      | Reached XP level 4. HP: 24/24 MP: 1/7
  1950 | D:3      | Found a faded altar of an unknown god.
  1982 | D:3      | Reached skill level 4 in Stealth
  1995 | D:3      | Reached skill level 1 in Short Blades
  2104 | D:3      | Reached XP level 5. HP: 28/28 MP: 3/8
  2212 | D:3      | Found a glowing drain.
  2219 | D:3      | Reached skill level 5 in Stealth
  2224 | Sewer    | Entered a sewer
  2576 | Sewer    | Reached XP level 6. HP: 26/33 MP: 6/10
  3654 | D:3      | Found a glowing silver altar of Zin.
  3654 | D:3      | Found a burning altar of Makhleb.
  3655 | D:3      | Noticed an Executioner
  3655 | D:3      | Noticed an angel
  3729 | D:3      | Found Arycaigh's Book Shoppe.
  3741 | D:3      | Gained mutation: You passively dampen the noise of your
                  | surroundings. [potion of mutation]
  3741 | D:3      | Gained mutation: Your magical capacity is low. (-10% MP)
                  | [potion of mutation]
  3743 | D:3      | Slain by an orc

Illustrated notes

Levels and vault maps discovered:
D:1:      evilmike_arrival_crescent, layout_basic, minmay_misc_feat_chi,
          reono_crystal_passage
D:2:      layout_basic, minmay_misc_feat_columns, minmay_goblin_kobold_house
D:3:      layout_basic, grunt_temple_overflow_order_and_chaos_2,
          lightli_sewer_entry_pipes, serial_shops, shop,
          hellmonk_ecumenical_altar_heavens_door, wad_orctagon

Skill      XL: |  1  2  3  4  5  6 |
---------------+-------------------+-----
Stealth        | 3 4 5 |  5.6
Dodging        | 3 4 |  4.1
Short Blades   | 1 2 |  2.5
Fighting       | |  0.6
Spellcasting   | |  2.9
Summonings     | |  4.8

Action                   |  1- 3 |  4- 6 || total
-------------------------+-------+-------++-------
Melee: Unarmed           |    11 |       ||    11
       Rapier            |    45 |   185 ||   230
       Punch             |       |     1 ||     1
 Cast: Summon Small Mamm |    20 |       ||    20
       Call Imp          |     2 |     8 ||    10
       Call Canine Famil |     1 |    11 ||    12
  Use: Scroll            |       |     3 ||     3
       Potion            |       |     3 ||     3
 Stab: Sleeping          |     8 |    12 ||    20
       Distracted        |       |     1 ||     1
Armor: Robe              |    15 |    34 ||    49
Dodge: Dodged            |    51 |   134 ||   185

Table legend: (Time is in decaauts)
 A = Elapsed time spent in this place.
 B = Non-inter-level travel time spent in this place.
 C = Inter-level travel time spent in this place.
 D = Time resting spent in this place.
 E = Time spent auto-exploring this place.
 F = Levels seen in this place.
 G = Mean time per level.
                   A        B        C        D        E       F      G
               +--------+--------+--------+--------+--------+-----+--------+
         Total |   4037 |   3975 |     62 |    234 |   2588 |   4 | 1009.2 |
       Dungeon |   2536 |   2474 |     62 |    104 |   1802 |   3 |  845.3 |
         Sewer |   1501 |   1501 |      0 |    130 |    786 |   1 | 1501.0 |
               +--------+--------+--------+--------+--------+-----+--------+

Top non-repeatable levels by time:
   Sewer: 1501 daAuts
     D:1: 1121 daAuts
     D:2: 778 daAuts
     D:3: 635 daAuts
